Map: Frost LE

Players

Nomac

  • Race: Zerg Zerg
  • League: Master

FinnsoN - Winner!

  • Race: Terran Terran
  • League: Master

VOD

Have the link to the VOD?

Description

Time

  • Played on: July 10, 2016, 11:49 a.m.
  • Length: 11:14
Show
View Real Time Build Order
Export as new Build Order

Nomac Zerg 

Build Orders: Hatch First 

Get SALT Encoding   

  12  0:01  Drone  
  13  0:13  Overlord  
  13  0:24  Drone  
  14  0:32  Drone x2  
  16  0:36  Drone  
  17  0:53  Hatchery  
  17  0:56  Drone  
  17  1:11  Spawning Pool  
  17  1:13  Drone  
  17  1:15  Extractor  
  16  1:18  Drone  
  16  1:22  Drone  
  18  1:29  Drone  
  19  1:40  Overlord  
  19  1:59  Queen  
  19  2:00  Zergling x2  
  22  2:04  Drone  
  22  2:06  Queen  
  22  2:08  Drone  
  26  2:12  Drone  
  27  2:16  Drone  
  28  2:24  Metabolic Boost  
  28  2:30  Drone  
  28  2:34  Queen  
  31  2:39  Drone x2  
  31  2:40  Overlord  
  33  2:53  Drone x2  
  33  2:54  Pneumatized Carapace  
  35  3:02  Overlord  
  35  3:06  Drone x2  
  35  3:07  Overlord  
  35  3:11  Drone x2  
  38  3:16  Drone  
  38  3:17  Drone x2  
  41  3:24  Drone x3  
  44  3:28  Extractor  
  44  3:33  Roach Warren  
  42  3:36  Drone x2  
  44  4:01  Hatchery  
  43  4:12  Roach  
  43  4:13  Roach x7  
  43  4:16  Overlord  
  59  4:17  Spore Crawler  
  59  4:20  Spore Crawler  
  57  4:29  Lair  
  57  4:30  Overlord  
  57  4:32  Overlord  
  57  4:36  Roach x3  
  63  4:52  Spore Crawler  
  58  5:07  Ravager x2  
  58  5:09  Drone x2, Overlord x2  
  58  5:10  Drone x2  
  58  5:11  Extractor  
  63  5:15  Extractor  
  62  5:23  Drone x7  
  69  5:31  Glial Reconstitution  
  69  5:41  Spore Crawler  
  66  6:07  Roach  
  66  6:08  Roach x2  
  70  6:12  Roach x4  
  70  6:13  Roach x2, Drone x3  
  70  6:15  Overlord  
  85  6:21  Overseer  
  85  6:22  Evolution Chamber  
  85  6:23  Evolution Chamber  
  83  6:26  Drone x6  
  89  6:35  Roach  
  89  6:36  Roach x3, Overlord  
  97  6:44  Overlord  
  97  6:53  Spore Crawler  
  89  6:55  Roach x2  
  89  6:56  Roach x5  
  98  7:13  Overlord x2  
  98  7:15  Overlord x2  
  98  7:21  Spore Crawler, Overlord  
  97  7:30  Queen  
  97  7:35  Drone x3  
  97  7:36  Drone x4  
  106  7:42  Overseer  
  106  7:44  Ravager x2  
  106  7:45  Ravager x3  
  106  7:49  Zerg Missile Weapons Level 1  
  111  8:01  Drone x4  
  111  8:05  Zerg Ground Armor Level 1  
  115  8:09  Infestation Pit  
  118  8:12  Roach  
  118  8:13  Roach  
  118  8:20  Roach x3  
  115  8:30  Drone  
  115  8:31  Drone x6  
  115  8:33  Extractor  
  121  8:35  Extractor  
  120  8:45  Ravager x2  
  120  8:46  Ravager  
  120  8:48  Ravager  
  124  8:57  Drone x4  
  124  9:01  Pathogen Glands  
  128  9:15  Overlord x4  
  128  9:16  Overlord  
  128  9:29  Overlord  
  128  9:35  Ravager x2  
  130  9:39  Hatchery  
  130  9:41  Roach  
  130  9:42  Roach x10  
  150  10:00  Overlord x2  
  150  10:01  Infestor x3  
  150  10:02  Infestor  
  150  10:07  Drone x5  
  163  10:29  Roach  
  163  10:30  Roach x7  
  149  11:11  Hatchery  
Show
View Real Time Build Order
Export as new Build Order

FinnsoN Terran - Winner!

Build Orders:  

Get SALT Encoding   

  12  0:00  SCV  
  13  0:12  SCV  
  14  0:17  Supply Depot  
  14  0:25  SCV  
  15  0:39  SCV  
  15  0:42  Barracks  
  16  0:46  Refinery  
  16  0:51  SCV  
  17  1:03  SCV  
  18  1:15  SCV  
  19  1:29  Orbital Command, Barracks Reactor  
  19  1:44  Command Center  
  19  1:52  Supply Depot  
  19  1:55  SCV  
  20  2:06  Marine x2  
  20  2:07  SCV  
  23  2:17  Factory  
  23  2:19  SCV  
  24  2:24  Marine x2  
  24  2:27  Refinery  
  26  2:35  SCV  
  27  2:42  Marine x2  
  29  2:47  SCV  
  30  2:55  Orbital Command  
  30  2:59  Marine x2  
  30  3:03  Starport  
  30  3:04  Factory Reactor  
  32  3:08  SCV  
  33  3:17  Marine x2  
  35  3:22  Bunker  
  35  3:24  SCV  
  35  3:26  SCV  
  37  3:35  Supply Depot, Marine x2  
  37  3:38  SCV  
  37  3:40  SCV  
  41  3:47  Medivac  
  43  3:48  Medivac  
  43  3:53  Supply Depot  
  45  3:57  Marine  
  45  3:58  Widow Mine  
  45  4:00  Marine  
  45  4:02  SCV  
  50  4:03  SCV  
  50  4:09  Liberator  
  51  4:14  SCV  
  51  4:15  Marine, SCV  
  54  4:18  Marine  
  54  4:19  Supply Depot  
  54  4:21  Viking  
  57  4:26  SCV  
  61  4:33  Marine  
  62  4:40  Marine, SCV x2  
  62  4:42  Supply Depot  
  62  4:43  Factory Tech Lab  
  65  4:53  SCV  
  65  4:56  SCV, Command Center  
  65  5:01  Marine x2  
  65  5:05  SCV  
  68  5:07  Siege Tank  
  68  5:08  SCV  
  72  5:17  Supply Depot x2, SCV  
  72  5:20  SCV  
  74  5:21  Marine  
  74  5:22  Marine  
  74  5:24  Supply Depot  
  76  5:29  SCV  
  76  5:32  SCV  
  78  5:38  Medivac x2  
  78  5:39  Marine  
  78  5:42  Barracks  
  83  5:44  Barracks  
  83  5:51  SCV, Marine  
  85  5:57  SCV  
  85  5:58  Siege Tank  
  85  6:03  SCV  
  88  6:04  Marine  
  88  6:09  SCV  
  88  6:11  Orbital Command  
  90  6:13  Marine  
  90  6:15  SCV  
  91  6:21  SCV, Engineering Bay  
  91  6:22  Marine, Refinery  
  91  6:23  Refinery  
  91  6:24  Engineering Bay  
  93  6:31  Marine  
  95  6:33  Barracks Tech Lab  
  95  6:35  Barracks Tech Lab  
  94  6:40  Marine, Siege Tank  
  96  6:49  Marine  
  94  6:56  Terran Infantry Weapons Level 1  
  94  6:58  Marine  
  94  6:59  Marine  
  94  7:00  Marine  
  94  7:01  SCV  
  94  7:07  Marine  
  95  7:09  Stimpack  
  95  7:11  Combat Shields  
  95  7:16  Marine, Terran Infantry Armor Level 1  
  95  7:17  SCV, Marine, Barracks x2  
  95  7:18  Marine  
  95  7:19  Supply Depot  
  95  7:20  Supply Depot x2  
  99  7:24  SCV, Barracks  
  99  7:25  Marine, Barracks  
  101  7:32  Factory  
  101  7:33  SCV, Marine  
  101  7:35  Marine, Medivac  
  101  7:36  Marine  
  107  7:42  SCV, Marine  
  109  7:46  Orbital Command  
  109  7:51  Marine  
  109  7:52  Armory  
  109  7:53  Marine x2  
  109  7:56  SCV  
  113  8:00  Marine  
  113  8:01  SCV  
  115  8:06  Medivac  
  115  8:08  SCV  
  115  8:09  Marine  
  115  8:10  Marine, Barracks Reactor  
  115  8:11  Marine  
  121  8:14  Barracks Reactor x2  
  121  8:17  SCV, Marine  
  123  8:21  Refinery  
  123  8:22  Factory Tech Lab  
  123  8:23  Marine  
  123  8:27  Marine  
  123  8:31  SCV  
  123  8:32  Refinery  
  125  8:34  Marine  
  125  8:36  Supply Depot  
  125  8:37  Supply Depot  
  125  8:38  Supply Depot x2, Marine  
  127  8:42  Marine x2  
  127  8:45  Marine, Siege Tank  
  127  8:46  Concussive Shells  
  133  8:49  SCV  
  133  8:50  SCV  
  133  8:52  Marine  
  133  8:55  Terran Infantry Weapons Level 2, Terran Vehicle Weapons Level 1  
  136  8:56  Marine x4  
  136  8:58  Siege Tank  
  143  9:02  Marine  
  143  9:03  Marine x3  
  143  9:05  Marauder  
  150  9:11  Supply Depot, Medivac  
  150  9:12  Supply Depot  
  150  9:16  Marine  
  155  9:17  Marauder  
  155  9:18  Siege Tank  
  155  9:20  Barracks Tech Lab  
  157  9:25  Marine x3  
  160  9:35  Supply Depot x2  
  160  9:36  Marine  
  160  9:37  Marine, Marauder  
  164  9:40  Medivac, Command Center  
  164  9:44  Supply Depot  
  166  9:46  Supply Depot  
  166  9:50  Supply Depot, Marine  
  166  9:51  Marine, Marauder  
  167  9:53  Marauder  
  167  9:54  Marine  
  167  9:55  Marine  
  167  9:59  Siege Tank  
  174  10:04  Marine  
  174  10:05  Marauder  
  177  10:10  Medivac  
  177  10:11  Medivac  
  177  10:14  Marine x3  
  182  10:15  Siege Tank  
  182  10:17  Marine, Marauder x2  
  192  10:22  Marine  
  192  10:26  Marauder  
  193  10:30  Marine  
  193  10:31  Siege Tank  
  197  10:37  Marine, Barracks  
  197  10:38  Marauder, Barracks  
Tags
 
Add a new tag
Caveats
  • Supply blocks, unpowered buildings, or Contaminate may cause inaccurate times.
  • Supply counts are checked every 10 seconds.